 Dungeon Crawl Stone Soup version 0.31-a0-210-gccc998df9b (webtiles) character file.

Game seed: 6923409913874005010

562 qw the Shooter (level 7, -17/43 HPs)
             Began as a Gargoyle Hexslinger on June 29, 2023.
             Was an Initiate of Okawaru.
             Demolished by an ogre
             ... wielding a +0 giant spiked club
              (22 damage)
             ... on level 4 of the Dungeon.
             The game lasted 00:01:23 (3169 turns).

qw the Shooter (Gargoyle Hexslinger)                Turns: 3169, Time: 00:01:24

Health: -17/43     AC: 10    Str: 12    XL:     7   Next: 32%
Magic:  8/8        EV: 10    Int: 13    God:    Okawaru [......]
Gold:   140        SH:  0    Dex: 14    Spells: 7/8 levels left

rFire   . . .        Y - +4 sling (freeze)
rCold   . . .        (no shield)
rNeg    + . .        j - +0 ring mail
rPois   inf          (no helmet)
rElec   +            (no cloak)
rCorr   .            (no gloves)
SInv    .            (no boots)
Will    .....        d - amulet of the acrobat
Stlth   +            f - +4 ring of slaying {mikee}
HPRegen 0.27/turn    (no ring)
MPRegen 0.11/turn

%: acrobat
@: no status effects
A: sickness immunity, AC +4, negative energy resistance 1, electricity
resistance, torment resistance 1, petrification resistance
a: Renounce Religion


You were on level 4 of the Dungeon.
You worshipped Okawaru.
Okawaru was noncommittal.
You visited 2 branches of the dungeon, and saw 5 of its levels.
You also visited: Ossuary.

You collected 237 gold pieces.
You spent 97 gold pieces at shops.


Innate Abilities, Weirdness & Mutations

You are immune to sickness and miasma.
Your stone body is resilient. (AC +4)
You are immune to poison.
You resist negative energy. (rN+)
You are resistant to electric shocks. (rElec)
You are resistant to unholy torment.
You are immune to petrification.


   Skills:
 - Level 4.0 Fighting
 + Level 6.6 Ranged Weapons
 - Level 1.9 Armour
 - Level 1.5 Dodging
 - Level 1.0 Spellcasting
 - Level 2.6 Hexes


You had 7 spell levels left.
You knew the following spells:

 Your Spells              Type           Power      Damage    Failure   Level
a - Slow                  Hex            28%        N/A       21%         1

Your spell library contained the following spells:

 Spells                   Type           Power      Damage    Failure   Level
 Inner Flame              Hex/Fire       4%         N/A       71%         3
 Portal Projectile        Hex/Tloc       8%         N/A       71%         3
 Cause Fear               Hex            3%         N/A       90%         4

Inventory:

Hand Weapons
 Y - a +4 sling of freezing (weapon)
Armour
 j - a +0 ring mail (worn)
Jewellery
 d - an amulet of the acrobat (around neck)
 f - a +4 ring of slaying (left hand) {mikee}
Scrolls
 i - a scroll of identify
Potions
 a - a potion of resistance
 c - 2 potions of enlightenment
 e - a potion of mutation
 g - a potion of haste
 k - a potion of curing

Dungeon Overview and Level Annotations

Branches:
Dungeon (4/15)             Temple (1/1) D:4         Ossuary (visited)

Altars:
Ashenzari
Cheibriados
Dithmenos
Elyvilon
Fedhas
Hepliaklqana
Makhleb
Nemelex Xobeh
Okawaru
Qazlal
Sif Muna
Trog
Wu Jian
Xom
Yredelemnul
Zin
The Shining One

Shops:
D:3 *

Annotations:
D:2 1 runed translucent door, Crazy Yiuf


Message History

The giant cockroach bites you but does no damage.
You shoot a sling bullet.
The sling bullet hits the giant cockroach.
The sling bullet freezes the giant cockroach.
You kill the giant cockroach!
Okawaru accepts your kill.
An ogre comes into view. It is wielding a +0 giant spiked club.
The ogre shouts!
The ogre moves out of view.
Enter note:
Enter note:
Enter note: A ball python comes into view.
Enter note:
Enter note:
Enter note: You shoot a sling bullet.
The sling bullet hits the ogre!
The sling bullet freezes the ogre.
The ogre is heavily wounded.
You shoot a sling bullet. The sling bullet hits the ogre.
The sling bullet freezes the ogre.
The ogre is heavily wounded.
An adder comes into view.
The ogre hits you with a +0 giant spiked club!!
You shoot a sling bullet. The adder hisses angrily.
The sling bullet hits the ogre.
The sling bullet freezes the ogre.
The ogre is severely wounded.
The ogre hits you with a +0 giant spiked club!!
You shoot a sling bullet.
The sling bullet barely misses the ogre.
The ball python closely misses you. The ball python grabs you.
The ball python constricts you.
You shoot a sling bullet. The sling bullet hits the ball python.
The sling bullet freezes the ball python.
You kill the ball python!
Okawaru accepts your kill.
The ogre hits you with a +0 giant spiked club!!
Ouch! That really hurt!
You die...

#.###.######.#.#####..#%######.#
...............# #..#.######.#
##.######......# #...........#
#.# ........# ##.##.#######
##.###.###.....# #.##.# #......#
#..#### #.##.# ..###..# #.####.
#.##.# #.# .# #....#####.##.#
#... # #.@.....##.# ###.#
#.O#######.. ... ...... ... ...
......... .### #...#..S... .
............ ..###..#..... ..
... ......


You could see an ogre and an adder.

Vanquished Creatures
  2 scorpions (D:4)
  3 water moccasin zombies (Ossuary)
  A hound (D:4)
  An orc wizard (D:3)
  2 mummies (Ossuary)
  5 adders
  3 gnolls (D:3)
  4 adder zombies (Ossuary)
  2 worms
  A dart slug (D:1)
  7 orcs (D:3)
  9 endoplasms
  10 giant cockroaches
  6 gnoll zombies (Ossuary)
  7 goblins
  8 hobgoblins
  A jackal (D:2)
  3 kobolds
  2 quokkas
  9 ball pythons
  5 bats
  3 frilled lizards
  4 hobgoblin zombies (Ossuary)
  4 kobold zombies (Ossuary)
  9 orc zombies (Ossuary)
  4 rats
115 creatures vanquished.

Notes
Turn   | Place    | Note
-------+----------+-------------------------------------------
     0 | D:1      | qw the Gargoyle Hexslinger began the quest for the Orb.
     0 | D:1      | Reached XP level 1. HP: 12/12 MP: 2/2
     0 | D:1      | 0 ||| qw: Version: 0.3-a-24-ga2abf7b
     0 | D:1      | 0 ||| qw: Game counter: 6927
     0 | D:1      | 0 ||| qw: Melee chars always use a shield: true
     0 | D:1      | 0 ||| qw: God list: Okawaru
     0 | D:1      | 0 ||| qw: Allow faded altars: false
     0 | D:1      | 0 ||| qw: Do Orc after clearing Dungeon:15 true
     0 | D:1      | 0 ||| qw: Do second Lair branch before Depths: true
     0 | D:1      | 0 ||| qw: Lair rune preference: random
     0 | D:1      | 0 ||| qw: Goals: Normal
     0 | D:1      | 0 ||| PLANNING D:1-11
   143 | D:1      | Reached XP level 2. HP: 16/16 MP: 3/3
   207 | D:1      | Reached skill level 3 in Ranged Weapons
   498 | D:1      | Reached XP level 3. HP: 21/21 MP: 4/4
   683 | D:1      | 683 ||| UPGRADING to +0 leather armour.
   693 | D:1      | 693 ||| DROPPING +0 robe.
   694 | D:1      | 694 ||| UPGRADING to amulet of the acrobat.
   699 | D:1      | 699 ||| DROPPING amulet of magic regeneration.
   700 | D:1      | 700 ||| UPGRADING to +4 ring of slaying {mikee}.
   701 | D:1      | 701 ||| READING scroll labelled WOUXKO UPPUACH.
   702 | D:1      | 702 ||| READING scroll labelled DEYCUE OVADGH.
   703 | D:1      | 703 ||| READING 3 scrolls labelled NALOEX FEZEUWO.
   704 | D:1      | 704 ||| READING scroll labelled ZOFUGU ZUOR.
   805 | D:1      | 805 ||| READING 2 scrolls of identify.
   805 | D:1      | 805 ||| IDENTIFYING fizzy brown potion
   806 | D:1      | 806 ||| DROPPING scroll of poison.
   807 | D:1      | 807 ||| DROPPING potion of lignification.
   847 | D:2      | 847 ||| STAIRDANCE
  1183 | D:2      | Found a runed translucent door.
  1184 | D:2      | Noticed Crazy Yiuf
  1785 | D:2      | 1785 ||| UPGRADING to +0 ring mail.
  1795 | D:2      | 1795 ||| DROPPING +0 leather armour.
  1796 | D:2      | 1796 ||| READING scroll labelled NOEKEXZOMA.
  1797 | D:2      | 1797 ||| READING scroll labelled PYWKET MEENNIE.
  1900 | D:2      | 1900 ||| READING scroll labelled XEAMACLUFRU.
  1901 | D:2      | 1901 ||| READING 2 scrolls of identify.
  1901 | D:2      | 1901 ||| IDENTIFYING ruby potion
  1959 | D:3      | Reached XP level 4. HP: 26/26 MP: 5/5
  1973 | D:3      | Reached skill level 4 in Ranged Weapons
  1979 | D:3      | Found Iratz's General Store.
  1987 | D:3      | 1987 ||| SHOPLISTING +1 helmet (149 gold, have 118).
  1987 | D:3      | 1987 ||| SHOPLISTING +2 hood of the Assassin {Detect Stab+
                  | Stlth++} (780 gold, have 118).
  1987 | D:3      | 1987 ||| SHOPLISTING ring of ice (325 gold, have 118).
  1987 | D:3      | 1987 ||| BUYING scroll of enchant weapon (97 gold).
  1987 | D:3      | Bought a scroll of enchant weapon for 97 gold pieces
  1987 | D:3      | 1987 ||| READING scroll of enchant weapon.
  1987 | D:3      | 1987 ||| ENCHANTING +1 sling of freezing.
  1996 | D:3      | Found a glowing golden altar of the Shining One.
  2012 | D:3      | Reached skill level 1 in Armour
  2070 | D:3      | 2070 ||| READING scroll of enchant weapon.
  2070 | D:3      | 2070 ||| ENCHANTING +2 sling of freezing.
  2086 | D:3      | Reached XP level 5. HP: 30/30 MP: 6/6
  2101 | D:3      | Found a stormy altar of Qazlal.
  2102 | D:3      | Noticed a fire elemental
  2104 | D:3      | Noticed an air elemental
  2104 | D:3      | Noticed a water elemental
  2428 | D:3      | 2428 ||| DRINKING 3 white potions.
  2429 | D:3      | 2429 ||| DRINKING 2 viscous grey potions.
  2450 | D:4      | 2450 ||| PLANNING OSSUARY
  2475 | D:4      | Found a staircase to the Ecumenical Temple.
  2481 | D:4      | Reached skill level 5 in Ranged Weapons
  2486 | D:4      | Reached skill level 3 in Fighting
  2486 | D:4      | Reached XP level 6. HP: 37/37 MP: 7/7
  2488 | D:4      | Found a shimmering altar of Xom.
  2491 | D:4      | Noticed an angel
  2493 | D:4      | Found a glowing silver altar of Zin.
  2635 | D:4      | Found a sand-covered staircase.
  2636 | D:4      | 2636 ||| READING scroll labelled IXAL WERHIK.
  2641 | Ossuary  | Entered an ossuary
  2666 | Ossuary  | Reached skill level 6 in Ranged Weapons
  2738 | Ossuary  | Reached XP level 7. HP: 24/42 MP: 8/8
  2896 | Ossuary  | 2896 ||| READING scroll of enchant weapon.
  2896 | Ossuary  | 2896 ||| ENCHANTING +3 sling of freezing.
  2903 | Ossuary  | 2903 ||| READING scroll labelled JAIROAXAOW.
  2904 | Ossuary  | 2904 ||| READING scroll labelled NASHAB WIS MUB.
  2905 | Ossuary  | 2905 ||| DRINKING 2 bubbling white potions.
  2906 | Ossuary  | 2906 ||| READING 3 scrolls of identify.
  2906 | Ossuary  | 2906 ||| IDENTIFYING fuming ruby potion
  2907 | Ossuary  | 2907 ||| READING 2 scrolls of identify.
  2907 | Ossuary  | 2907 ||| IDENTIFYING clear potion
  2908 | Ossuary  | 2908 ||| DROPPING potion of ambrosia.
  2914 | D:4      | 2914 ||| PLANNING TEMPLE
  2935 | Temple   | Entered the Ecumenical Temple
  2958 | Temple   | 2958 ||| PLANNING OKAWARU WORSHIP
  3083 | Temple   | Became a worshipper of Warmaster Okawaru
  3084 | Temple   | 3084 ||| PLANNING D:1-11
  3167 | D:4      | HP: 4/43 [ogre/+0 giant spiked club (19)]
  3169 | D:4      | Demolished by an ogre

Levels and vault maps discovered:
D:1:      onia_arrival_mini_spirals, layout_loops_ring
D:2:      minmay_chambers_of_twos, layout_loops_ring, grunt_ministairs_1,
          bh_walls_and_bars, uniq_crazy_yiuf_cottage
D:3:      layout_basic, tso_metal_star, nicolae_qazlal_style_of_elements,
          serial_shops, shop, kennysheep_cross_room
D:4:      layout_basic, grunt_temple_overflow_order_and_chaos_1, temple_green,
          enter_ossuary_2, uniq_natasha
Temple:   hellmonk_temple_forest_ring

Skill      XL: |  1  2  3  4  5  6  7 |
---------------+----------------------+-----
Ranged Weapons | 3 4 5 6 |  6.6
Fighting       | 2 3 4 |  4.0
Armour         | 1 |  1.9
Dodging        | |  1.5
Spellcasting   | |  1.0
Hexes          | |  2.6

Action                     |  1- 3 |  4- 6 |  7- 9 || total
---------------------------+-------+-------+-------++-------
   Fire: Sling             |   113 |   114 |    58 ||   285
    Use: Scroll            |     9 |     3 |     5 ||    17
         Potion            |       |     2 |     1 ||     3
 Armour: Robe              |     7 |       |       ||     7
         Leather armour    |     9 |       |       ||     9
         Ring mail         |       |    18 |    14 ||    32
  Dodge: Dodged            |    23 |    22 |    21 ||    66

Table legend:
 A = Non-vault XP
 B = Vault XP
 C = Vault XP percentage of total XP
 D = Non-vault monster count
 E = Vault monster count
 F = Vault count percentage of total count
                 A         B        C        D         E       F
            +---------+---------+-------+---------+---------+-------
      Total |     473 |     333 |  41.3 |      73 |      42 |  36.5
            +---------+---------+-------+---------+---------+-------
        D:1 |      35 |       2 |   5.4 |      21 |       1 |   4.5
        D:2 |      18 |      19 |  51.4 |      11 |       9 |  45.0
        D:3 |     146 |       0 |   0.0 |      26 |       0 |   0.0
        D:4 |     274 |       0 |   0.0 |      15 |       0 |   0.0
    Ossuary |       0 |     312 | 100.0 |       0 |      32 | 100.0
            +---------+---------+-------+---------+---------+-------
